 Dungeon Crawl Stone Soup version 0.30-b1-2-g02819fbbbe (webtiles) character file.

Game seed: 10745684329866749208

50442 snakesoul the Grappler (level 14, -4/127 HPs)
             Began as a Ghoul Fighter on June 13, 2023.
             Was a High Priest of Okawaru.
             Slain by a boulder beetle (17 damage)
             ... on level 9 of the Dungeon.
             The game lasted 00:41:53 (22985 turns).

snakesoul the Grappler (Ghoul Fighter)             Turns: 22985, Time: 00:41:53

Health: -4/127     AC: 14    Str: 25    XL:     14   Next: 55%
Magic:  0/13       EV: 11    Int:  3    God:    Okawaru [*****.]
Gold:   3334       SH: 10    Dex:  8    Spells: 13/13 levels left

rFire   + .          .
                       - Unarmed
rCold   . . .        p - +0 kite shield
rNeg    + + +        G - +0 plate armour
rPois   ∞            d - +0 hat {SInv}
rElec   .            (no cloak)
rCorr   .            (no gloves)
SInv    +            (no boots)
Will    +....        Q - amulet of guardian spirit Stlth
                     k - +5 ring of evasion
HPRegen 0.00/turn    y - ring of fire
MPRegen 0.13/turn

%: guardian spirit
@: inhibited regen, hasted, very quick
A: claws 1, cold resistance 1, negative energy resistance 3, inhibited
regeneration, torment resistance 2, devour on kill
a: Renounce Religion, Heroism, Finesse, Duel


You were on level 9 of the Dungeon.
You worshipped Okawaru.
Okawaru was extremely pleased with you.
You visited 3 branches of the dungeon, and saw 16 of its levels.

You collected 3354 gold pieces.
You spent 20 gold pieces at shops.

Inventory:

Missiles
 C - 3 javelins (quivered)
 H - 4 silver javelins
 K - 6 atropa-tipped darts
Armour
 d - a +0 hat of see invisible (worn)
 p - a +0 kite shield (worn)
 G - a +0 plate armour (worn)
Jewellery
 a - the ring "Igeluf" {Str-3 Int+6 Dex-2 SInv Stlth+}
   (You found it on level 6 of the Dungeon)

   [ring of intelligence]

   Str:       It affects your strength (-3).
   Int:       It affects your intelligence (+6).
   Dex:       It affects your dexterity (-2).
   SInv:      It lets you see invisible.
   Stlth:     It makes you more stealthy.
 k - a +5 ring of evasion (left claw)
 r - a ring of willpower
 x - a ring of wizardry
 y - a ring of fire (right claw)
 Q - an amulet of guardian spirit (around neck)
 V - a +5 ring of evasion
Wands
 c - a wand of mindburst (2)
 w - a wand of polymorph (10)
 B - a wand of flame (34)
 F - a wand of iceblast (12)
 S - a wand of digging (7)
Scrolls
 e - 2 scrolls of noise
 f - 5 scrolls of fog
 g - 3 scrolls of identify
 j - 6 scrolls of teleportation
 o - 2 scrolls of brand weapon
 t - 6 scrolls of immolation
 v - a scroll of amnesia {unknown}
 z - 3 scrolls of silence {unknown}
 A - 2 scrolls of blinking {unknown}
 D - 3 scrolls of fear {unknown}
 J - 3 scrolls of vulnerability {unknown}
 L - 2 scrolls of enchant weapon {unknown}
 P - 2 scrolls of magic mapping
 T - a scroll of torment {unknown}
 U - a scroll of butterflies {unknown}
Potions
 b - 3 potions of brilliance
 i - 2 potions of ambrosia
 l - 2 potions of curing
 m - 6 potions of magic
 n - 5 potions of degeneration
 q - 6 potions of flight
 s - 6 potions of haste
 u - a potion of invisibility {unknown}
 E - 2 potions of resistance {unknown}
 I - a potion of attraction {unknown}
 M - 3 potions of mutation {unknown}
 O - a potion of cancellation {unknown}
 R - a potion of berserk rage {unknown}
Miscellaneous
 N - a tin of tremorstones (2/2)


   Skills:
 + Level 12.8 Fighting
 + Level 9.9 Throwing
 + Level 10.9 Armour
 + Level 10.9 Shields
 + Level 13.1 Unarmed Combat


You had 13 spell levels left.
You didn't know any spells.
Your spell library contained the following spells:

 Spells                   Type           Power      Damage    Failure   Level
 Freeze                   Ice            0%         1d3       100%        1
 Necrotise                Necr           0%         1d4       100%        1
 Slow                     Hex            0%         N/A       100%        1
 Blink                    Tloc           0%         N/A       100%        2
 Ensorcelled Hibernation  Hex/Ice        0%         N/A       100%        2
 Lesser Beckoning         Tloc           0%         N/A       100%        2
 Scorch                   Fire           0%         2d5       100%        2
 Confusing Touch          Hex            0%         N/A       100%        3
 Frozen Ramparts          Ice            0%         1d1       100%        3
 Gell's Gravitas          Tloc           0%         N/A       100%        3
 Hailstorm                Conj/Ice       0%         3d3       100%        3
 Teleport Other           Tloc           0%         N/A       100%        3
 Vampiric Draining        Necr           0%         2d6       100%        3
 Anguish                  Hex/Necr       0%         N/A       100%        4
 Flame Wave               Conj/Fire      0%         2d4       100%        4
 Manifold Assault         Tloc           0%         N/A       100%        4
 Agony                    Necr           0%         N/A       100%        5
 Dispersal                Tloc           0%         N/A       100%        6
 Orb of Destruction       Conj           0%         9d5       100%        7
 Sublimation of Blood     Necr           Unusable   N/A       N/A         2
 Wereblood                Tmut           Unusable   N/A       N/A         2
 Spider Form              Tmut/Pois      Unusable   N/A       N/A         3
 Summon Guardian Golem    Hex/Summ       Unusable   N/A       N/A         3
 Summon Cactus Giant      Summ           Unusable   N/A       N/A         6
 Spellforged Servitor     Conj/Summ      Unusable   N/A       N/A         7
 Storm Form               Tmut/Air       Unusable   N/A       N/A         7
 Summon Hydra             Summ           Unusable   N/A       N/A         7

Dungeon Overview and Level Annotations

Branches:
Dungeon (10/15)            Temple (1/1) D:6            Lair (5/5) D:9
  Swamp (0/4) Lair:2        Snake (0/4) Lair:2        Slime (0/5) Lair:4
    Orc: D:9-12

Altars:
Ashenzari
Cheibriados
Dithmenos
Fedhas
Gozag
Hepliaklqana
Kikubaaqudgha
Makhleb
Nemelex Xobeh
Okawaru
Qazlal
Ru
Trog
Uskayaw
Vehumet
Wu Jian
Xom
Jiyva

Shops:
D:5 (*[

Annotations:
D:8 exclusion: statue
Lair:4 exclusion: 4 oklob plants


Innate Abilities, Weirdness & Mutations

You are immune to poison.
You have sharp fingernails.
Your flesh is cold resistant. (rC+)
You are immune to negative energy. (rN+++)
You do not regenerate when monsters are visible.
You are immune to unholy pain and torment.
You thrive by killing the living.


Message History

The stone arrow hits you!!
You scratch the gargoyle but do no damage.
You block the gargoyle's attack.
You claw the gargoyle!
The gargoyle is moderately damaged.
The gargoyle hurls a stone arrow at you.
You block the stone arrow. The boulder beetle barely misses you.
The boulder beetle stops rolling and uncurls.
You claw the gargoyle!
The gargoyle is heavily damaged.
A two-headed ogre comes into view.
It is wielding a +0 giant club and a +0 giant spiked club.
You block the gargoyle's attack. The boulder beetle bites you.
You barely miss the gargoyle.
The gargoyle is heavily damaged.
The two-headed ogre shouts in stereo!
You scratch the gargoyle but do no damage.
The gargoyle is heavily damaged.
The gargoyle hurls a stone arrow at you.
The stone arrow misses you.
The boulder beetle leaps!
You mangle the gargoyle!!
You destroy the gargoyle!
Okawaru accepts your kill.
You feel yourself speed up.
The boulder beetle curls into a ball and begins rolling!
The two-headed ogre closely misses you.
The two-headed ogre hits you but does no damage.
Things that are here:
a +0 flail; an atropa-tipped dart
Found 10 gold pieces.
An orc warrior comes into view.
It is wielding a +1 trident of venom and wearing an orb of wrath.
The boulder beetle attacks as you move away!
The boulder beetle hits you!!
* * * LOW HITPOINT WARNING * * *
The boulder beetle stops rolling and uncurls.
You block the orc warrior's attack.
There is a stone staircase leading up here.
You climb upwards.
There is a stone staircase leading down here.
You feel better. The boulder beetle bites you!!
You die...

........###.........# #....####
........# ##.......######.)...#
........# #..............))...#
........# #.........####).....#
........# #.........# #..#####
.......## #.........# #..#
......## #.........####..#
####### ##.....[........##
##..B@...#####..# #####.###
##.# #.# #.# ########### #.#
#.# #.........#####.# #.#
#...............# #####.####
#..........#########........#
###........................(..#
............##########........#


You could see a boulder beetle.

Vanquished Creatures
  Gastronok (D:9)
  2 hydras
  A catoblepas (Lair:2)
  A centaur warrior (D:10)
  3 two-headed ogres
  Amaemon (Lair:2)
  A bog body (Lair:2)
  A lindwurm (Lair:5)
  A wolf spider (Lair:5)
  A salamander (Lair:2)
  15 elephants
  9 black mambas (Lair:5)
  A guardian serpent (Lair:5)
  An orange demon (Lair:2)
  3 torpor snails (Lair:4)
  A gargoyle (D:10)
  14 cane toads
  2 rime drakes
  8 komodo dragons
  12 polar bears
  3 hornets
  21 blink frogs
  A dream sheep (Lair:5)
  2 shadows
  2 raiju (Lair:5)
  12 wyverns
  A wraith (D:8)
  2 basilisks
  26 yaks
  2 steam dragons
  A redback (Lair:4)
  6 wargs (Lair:5)
  13 hell hounds (Lair:5)
  2 acid dragons
  21 water moccasins
  5 orc warriors
  2 ice beasts
  2 sky beasts
  14 black bears
  24 wolves
  2 ogres
  2 phantoms
  2 centaurs (D:7)
  Blork the orc (D:5)
  15 bullfrogs
  3 kobold brigands
  3 gnoll sergeants
  6 scorpions
  8 wights
  3 killer bees
  An electric eel (Lair:3)
  5 howler monkeys (D:7)
  4 lava snakes (Lair:2)
  2 jellies
  5 hounds
  2 gnoll boudas
  5 orc priests
  5 iguanas
  7 orc wizards
  Natasha (twice) (D:2)
  18 gnolls
  4 adders
  A shadow imp (D:7)
  2 white imps
  2 worms
  3 dart slugs
  38 orcs
  5 bats
  11 endoplasms
  3 giant cockroaches
  8 goblins
  11 hobgoblins
  6 jackals
  16 kobolds
  6 quokkas
  9 ball pythons
  6 frilled lizards
  8 rats
481 creatures vanquished.

Vanquished Creatures (others)
  58 fungi
  95 plants
153 creatures vanquished.

Grand Total: 634 creatures vanquished

Notes
Turn   | Place    | Note
-------+----------+-------------------------------------------
     0 | D:1      | snakesoul the Ghoul Fighter began the quest for the Orb.
     0 | D:1      | Reached XP level 1. HP: 19/19 MP: 0/0
   136 | D:1      | Reached XP level 2. HP: 21/26 MP: 1/1
   289 | D:1      | Reached XP level 3. HP: 25/31 MP: 2/2
   298 | D:1      | Reached skill level 3 in Unarmed Combat
   349 | D:1      | Found a faded altar of an unknown god.
  1102 | D:2      | Reached XP level 4. HP: 40/40 MP: 3/3
  1329 | D:2      | Noticed Natasha
  1336 | D:2      | Killed Natasha
  1743 | D:3      | Reached XP level 5. HP: 45/46 MP: 4/4
  1752 | D:3      | Reached skill level 4 in Unarmed Combat
  1932 | D:3      | Noticed an ogre
  1951 | D:2      | Noticed Natasha
  1955 | D:2      | Killed Natasha
  2595 | D:3      | Found a sparkling altar of Nemelex Xobeh.
  2596 | D:3      | Found an opulent altar of Gozag.
  2672 | D:4      | Reached XP level 6. HP: 44/53 MP: 5/5
  2872 | D:3      | Reached skill level 5 in Unarmed Combat
  3121 | D:4      | Reached XP level 7. HP: 53/60 MP: 6/6
  3290 | D:4      | Found a sand-covered staircase.
  3385 | D:4      | Reached skill level 5 in Fighting
  3455 | D:4      | Reached skill level 6 in Unarmed Combat
  3617 | D:5      | Entered Level 5 of the Dungeon
  3662 | D:5      | Found an ancient bone altar of Kikubaaqudgha.
  3682 | D:5      | Found Ojoc's General Store.
  3684 | D:5      | Found Ahuo's Antique Weapon Boutique.
  3685 | D:5      | Found Xaumoam's Antique Armour Boutique.
  3696 | D:5      | Bought a scroll of identify for 20 gold pieces
  3791 | D:5      | Noticed Blork the orc
  3803 | D:5      | Killed Blork the orc
  3804 | D:5      | Reached skill level 1 in Throwing
  3804 | D:5      | Reached XP level 8. HP: 67/68 MP: 7/7
  4461 | D:6      | Found a staircase to the Ecumenical Temple.
  4470 | Temple   | Entered the Ecumenical Temple
  4509 | Temple   | Became a worshipper of Warmaster Okawaru
  4831 | D:6      | Reached skill level 5 in Armour
  4831 | D:6      | Reached skill level 5 in Shields
  5051 | D:6      | Identified the ring "Igeluf" {Str-3 Int+6 Dex-2 SInv
                  | Stlth+}
  5204 | D:6      | Reached * piety under Okawaru
  5451 | D:6      | Reached skill level 7 in Unarmed Combat
  5607 | D:6      | Reached XP level 9. HP: 71/75 MP: 8/8
  5919 | D:7      | Found a burning altar of Makhleb.
  6416 | D:7      | Reached ** piety under Okawaru
  6573 | D:7      | Noticed a two-headed ogre
  6580 | D:7      | Killed a two-headed ogre
  6581 | D:7      | Reached skill level 8 in Unarmed Combat
  6605 | D:7      | Found a bloodstained altar of Trog.
  6871 | D:7      | Reached XP level 10. HP: 79/86 MP: 9/9
  7864 | D:8      | Reached *** piety under Okawaru
  8205 | D:8      | Found a shimmering altar of Xom.
  8315 | D:8      | Reached skill level 5 in Throwing
  8516 | D:8      | Found a radiant altar of Vehumet.
  8965 | D:8      | Reached skill level 9 in Unarmed Combat
  8996 | D:8      | Reached **** piety under Okawaru
  8996 | D:8      | Received a gift from Okawaru
  9284 | D:9      | Noticed Gastronok
  9414 | D:9      | Identified 2 scrolls of acquirement
  9504 | D:9      | Reached XP level 11. HP: 85/95 MP: 7/10
  9515 | D:9      | Killed Gastronok
  9515 | D:9      | Received a gift from Okawaru
  9771 | D:9      | Found a staircase to the Lair.
 10148 | D:9      | Found a sacrificial altar of Ru.
 10418 | Lair:1   | Entered Level 1 of the Lair of Beasts
 10473 | Lair:1   | Received a gift from Okawaru
 10792 | Lair:1   | Reached skill level 10 in Unarmed Combat
 11206 | Lair:1   | Reached ***** piety under Okawaru
 11768 | Lair:2   | Noticed a bog body
 11813 | Lair:1   | Reached XP level 12. HP: 58/106 MP: 11/11
 11825 | Lair:1   | Reached skill level 10 in Fighting
 12015 | Lair:2   | Received a gift from Okawaru
 12250 | Lair:2   | Noticed a catoblepas
 12267 | Lair:2   | Killed a catoblepas
 12288 | Lair:2   | Found a staircase to the Snake Pit.
 12297 | Lair:1   | Received a gift from Okawaru
 13017 | Lair:2   | Found a staircase to the Swamp.
 13063 | Lair:2   | Noticed Amaemon
 13069 | Lair:2   | Killed Amaemon
 13070 | Lair:2   | Reached skill level 11 in Unarmed Combat
 13082 | Lair:2   | Received a gift from Okawaru
 14533 | Lair:3   | Reached XP level 13. HP: 116/116 MP: 12/12
 16479 | Lair:4   | Found a snail-covered altar of Cheibriados.
 16697 | Lair:4   | Received a gift from Okawaru
 17228 | Lair:4   | Found a viscous altar of Jiyva.
 17228 | Lair:4   | Found a staircase to the Slime Pits.
 17781 | Lair:5   | Entered Level 5 of the Lair of Beasts
 18269 | Lair:5   | Reached skill level 12 in Unarmed Combat
 18562 | Lair:5   | Received a gift from Okawaru
 18664 | Lair:5   | Acquired 924 gold pieces
 18668 | Lair:5   | Acquired 1047 gold pieces
 18812 | Lair:5   | Reached skill level 10 in Shields
 18943 | Lair:5   | Reached skill level 10 in Armour
 19097 | Lair:5   | Identified the +0 buckler "Saplul" {rN+++ Str+6 Int-3}
                  | (Okawaru gifted it to you on level 5 of the Lair of Beasts)
 19097 | Lair:5   | Received a gift from Okawaru
 20129 | Lair:5   | Reached XP level 14. HP: 97/126 MP: 10/13
 21562 | Lair:5   | Received a gift from Okawaru
 21741 | Lair:5   | Reached skill level 13 in Unarmed Combat
 22603 | D:10     | Entered Level 10 of the Dungeon
 22924 | D:10     | Received a gift from Okawaru
 22985 | D:9      | Slain by a boulder beetle

Illustrated notes

Levels and vault maps discovered:
D:1:      reono_arrival_forest_river, layout_basic,
          ebering_ecumenical_altar_abandoned, palyth_stone_intersect,
          dk_noncrumbling_4, nrook_uturn, minmay_indecisive_spiral
D:2:      minmay_chambers_of_twos, layout_loops_ring, minmay_bisected,
          uniq_natasha
D:3:      layout_basic, grunt_temple_overflow_opulence
D:4:      layout_rooms, enter_ossuary_3
D:5:      layout_cave_pods, nicolae_kikubaaqudgha_miasma_corner,
          nicolae_shop_distant_corner_stores, uniq_blork_the_orc
D:6:      layout_basic, temple_fountains
D:7:      layout_rooms, general_overflow_altar, trog_hazing_becter,
          grunt_ministairs_3
D:8:      layout_gridville, vehumet_statue, xom_confusion_cloud, zin_academy
D:9:      layout_rooms, pf_just_have_faith, due_lair_maze_entry_diamond,
          uniq_gastronok
D:10:     layout_layer_cave, lemuel_blue_sif_altar,
          lemuel_zombie_altar_yredelemnul, minmay_bent
Temple:   nicolae_temple_ecumenical_triangle
Lair:1:   layout_regular_city
Lair:2:   layout_gridlike, skrybe_swamp_entry_bodies,
          nicolae_snake_entry_warm_welcome, uniq_amaemon
Lair:3:   layout_hall_layers, mumra_transporter_accident, serial_bayou_shore_a,
          grunt_megastairs_4
Lair:4:   layout_cave_pods, minmay_slime_entry_oklob_enclosed,
          serial_bayou_pond_e, kennysheep_snail_temple
Lair:5:   hangedman_lair_tendril_chambers, layout_regular_city,
          hangedman_lair_caniforms_friends

Skill      XL: |  1  2  3  4  5  6  7  8  9 10 11 12 13 14 |
---------------+-------------------------------------------+-----
Unarmed Combat | 3 4 5 6 7 8 9 10 11 12 13 | 13.1
Shields        | 3 4 5 6 7 8 9 10 | 10.9
Armour         | 3 4 5 6 7 8 9 10 | 10.9
Fighting       | 4 5 6 7 8 9 11 12 | 12.8
Throwing       | 1 2 4 5 6 8 9 |  9.9

Action                     |  1- 3 |  4- 6 |  7- 9 | 10-12 | 13-15 || total
---------------------------+-------+-------+-------+-------+-------++-------
  Melee: Unarmed           |   164 |   173 |   335 |   819 |   776 ||  2267
  Throw: Javelin           |       |       |     3 |    11 |     5 ||    19
         Throwing net      |       |       |       |     1 |       ||     1
         Boomerang         |       |       |       |       |    21 ||    21
 Invoke: Heroism           |       |       |     2 |    11 |     5 ||    18
    Use: Potion            |       |       |     2 |     5 |    14 ||    21
         Scroll            |       |       |       |     8 |    10 ||    18
 Armour: Scale mail        |    70 |    50 |    37 |       |       ||   157
         Chain mail        |       |       |    55 |    62 |       ||   117
         Plate armour      |       |       |       |   232 |   284 ||   516
  Dodge: Dodged            |    81 |    80 |   144 |   427 |   349 ||  1081
  Block: Buckler           |    28 |     4 |       |       |       ||    32
         Kite shield       |       |    30 |   128 |   437 |   460 ||  1055
